 Dungeon Crawl Stone Soup version 0.29.1-13-g9f3cf754e1 (webtiles) character file.

Game seed: 10584659367908972938

1884 FaviusArthum the Thaumaturge (level 8, -6/41 HPs)
             Began as a Deep Elf Conjurer on Feb 5, 2023.
             Killed by an exploding fulminant prism (18 damage)
             ... on level 5 of the Dungeon.
             The game lasted 00:23:04 (8304 turns).

FaviusArthum the Thaumaturge (Deep Elf Conjurer)    Turns: 8304, Time: 00:23:05

Health: -6/41      AC:  2    Str:  4    XL:     8   Next: 92%
Magic:  14/22      EV: 17    Int: 26    God:
Gold:   327        SH:  5    Dex: 13    Spells: 16/24 levels left

rFire   . . .      SeeInvis +   b - +0 rapier (speed)
rCold   . . .      Faith    .   (no shield)
rNeg    . . .      Spirit   .   a - +0 robe
rPois   .          Reflect  +   (no helmet)
rElec   .          Harm     .   (no cloak)
rCorr   .          Rampage  .   (no gloves)
Will    .....                   (no boots)
Stlth   +++.......              d - amulet of reflection
HPRegen 0.13/turn               i - +4 ring of evasion
MPRegen 0.18/turn               u - ring of see invisible

@: very slightly contaminated
A: no striking features
a: no special abilities


You were on level 5 of the Dungeon.
You visited 1 branch of the dungeon, and saw 5 of its levels.

You collected 327 gold pieces.

Inventory:

Hand Weapons
 b - a +0 rapier of speed (weapon)
 g - a +0 short sword
 w - a +0 vampiric halberd
Missiles
 v - a throwing net
Armour
 a - a +0 robe (worn)
Jewellery
 d - an amulet of reflection (around neck)
 h - a +6 ring of intelligence
 i - a +4 ring of evasion (left hand)
 u - a ring of see invisible (right hand)
Wands
 q - a wand of quicksilver (15)
Scrolls
 c - a scroll of immolation {unknown}
 k - a scroll of silence {unknown}
 m - a scroll of acquirement
 n - a scroll of vulnerability
 o - a scroll of enchant armour {unknown}
 r - 2 scrolls of magic mapping {unknown}
 t - a scroll of fog {unknown}
 y - 2 scrolls of enchant weapon {unknown}
Potions
 e - 2 potions of mutation
 f - 2 potions of heal wounds
 j - 2 potions of attraction
 l - 2 potions of invisibility {unknown}
 p - a potion of lignification {unknown}
 s - a potion of might {unknown}
 x - a potion of curing {unknown}


   Skills:
 + Level 3.6 Dodging
 + Level 4.4 Stealth
 + Level 1.3 Shields
 + Level 8.7 Spellcasting
 + Level 8.5 Conjurations
 * Level 7.3 Hexes
 + Level 0.8 Necromancy


You had 16 spell levels left.
You knew the following spells:

 Your Spells              Type           Power      Damage    Failure   Level
a - Magic Dart            Conj           100%       1d8       1%          1
b - Searing Ray           Conj           100%       2d8       1%          2
c - Fulminant Prism       Conj/Hex       25%        3d14      1%          4
d - Necrotise             Necr           60%        1d7       3%          1

Your spell library contained the following spells:

 Spells                   Type           Power      Damage    Failure   Level
 Dazzling Flash           Conj/Hex       100%       N/A       1%          3
 Summon Guardian Golem    Hex/Summ       30%        N/A       3%          3
 Apportation              Tloc           22%        N/A       5%          1
 Beastly Appendage        Tmut           22%        N/A       5%          1
 Summon Small Mammal      Summ           44%        N/A       5%          1
 Sublimation of Blood     Necr           15%        N/A       5%          2
 Scorch                   Fire           22%        2d6       8%          2
 Wereblood                Tmut           11%        N/A       8%          2
 Flame Wave               Conj/Fire      33%        2d10      9%          4
 Iskenderun's Mystic Bla  Conj/Tloc      33%        2d8       9%          4
 Call Canine Familiar     Summ           11%        N/A       16%         3
 Spider Form              Tmut/Pois      11%        N/A       16%         3
 Summon Cactus Giant      Summ           5%         N/A       100%        6
 Summon Hydra             Summ           5%         N/A       100%        7


Dungeon Overview and Level Annotations

Branches:
Dungeon (5/15)
 Temple: D:4-7

Altars:
Ashenzari
Fedhas
Gozag
Hepliaklqana
Qazlal
Wu Jian
Yredelemnul

Annotations:
D:5 Prince Ribbit


Message History

Things that are here:
a +0 club; a kobold skeleton
There is an open door here.
You see here a +0 giant club.
There is an open door here.
Prince Ribbit comes into view.
Prince Ribbit moves out of view.
Prince Ribbit is nearby!
Casting: Fulminant Prism (dangerous; 1% risk of failure)
Confirm with . or Enter, or press ? or * to list all spells.
Aiming: Magic Dart (safe; 1% risk of failure)
Press: ? - help, Shift-Dir - straight line, f - Prince Ribbit
Aim: Prince Ribbit (wandering, hasn't noticed you, 100% to hit)
The magic dart hits Prince Ribbit.
Prince Ribbit is lightly wounded.
Prince Ribbit gives a loud, deep croak!
Casting: Magic Dart (safe; 1% risk of failure)
Confirm with . or Enter, or press ? or * to list all spells.
Aiming: Fulminant Prism (dangerous; 1% risk of failure)
Press: ? - help, Dir - move target, p - Prince Ribbit You miscast Fulminant Prism.
You are very lightly contaminated with residual magic.
Nothing appears to happen.
Casting: Fulminant Prism (dangerous; 1% risk of failure)
Confirm with . or Enter, or press ? or * to list all spells.
Aiming: Fulminant Prism (dangerous; 1% risk of failure)
Press: ? - help, Dir - move target You conjure a prism of explosive energy!
A fulminant prism comes into view.
Prince Ribbit blinks!
Prince Ribbit attacks as you move away! Prince Ribbit hits you!
Prince Ribbit winks and puckers his lips.
Your fulminant prism crackles loudly.
Prince Ribbit attacks as you move away! Prince Ribbit hits you!
* * * LOW HITPOINT WARNING * * *
Your fulminant prism explodes!
The blast of energy engulfs Prince Ribbit!!
Prince Ribbit is almost dead.
The blast of energy engulfs you!!
You die...

..........@### ...
##########.....# ...
#........#.)...# ...
#........#.....#
....#........#.....#
...#......).'..)..#
...'........#.....## ~
#......[[####...#
.~~♣##@............###
~~.....F..##'##.....#
.~~.......#...#.....####
.♣........#.).#.....♣...
...#......#...#...P~.~~.
.. #......#:..'....~~♣~.
. #......#...#..)~~~~)~
#......#..<#....♣♣~~~
#......#..)##.P..~~♣~


You could see Prince Ribbit.

Vanquished Creatures
  Pikel (D:5)
  Eustachio (D:5)
  A water moccasin (D:5)
  2 ice beasts (D:5)
  2 black bears
  A centaur (D:5)
  2 ogres (D:5)
  A kobold brigand (D:5)
  A scorpion (D:4)
  A hound (D:4)
  Ijyb (D:3)
  Natasha (thrice) (D:3)
  An iguana (D:4)
  3 orc wizards
  4 gnolls (D:4)
  6 adders
  2 ufetubi (D:5)
  A worm (D:2)
  3 dart slugs
  9 orcs
  7 ball pythons
  6 endoplasms
  4 giant cockroaches
  5 goblins
  5 hobgoblins
  3 jackals (D:3)
  12 kobolds
  3 quokkas
  6 bats
  2 frilled lizards (D:2)
  5 rats
104 creatures vanquished.

Vanquished Creatures (others)
  30 fulminant prisms
  83 plants
113 creatures vanquished.

Grand Total: 217 creatures vanquished

Notes
Turn   | Place    | Note
-------+----------+-------------------------------------------
     0 | D:1      | FaviusArthum the Deep Elf Conjurer began the quest for the
                  | Orb.
     0 | D:1      | Reached XP level 1. HP: 10/10 MP: 6/6
   221 | D:1      | Reached XP level 2. HP: 14/15 MP: 0/8
   389 | D:1      | Learned a level 2 spell: Searing Ray
  1074 | D:2      | Reached skill level 5 in Conjurations
  1465 | D:2      | Reached XP level 3. HP: 19/19 MP: 6/9
  2431 | D:3      | Noticed Natasha
  2435 | D:3      | Killed Natasha
  2436 | D:3      | Reached XP level 4. HP: 24/24 MP: 4/11
  2441 | D:3      | Learned a level 4 spell: Fulminant Prism
  2470 | D:3      | Noticed Natasha
  2474 | D:3      | Killed Natasha
  2908 | D:3      | Noticed Ijyb
  2924 | D:3      | Killed Ijyb
  3526 | D:3      | Noticed Natasha
  3529 | D:3      | Killed Natasha
  3530 | D:3      | Reached XP level 5. HP: 28/28 MP: 10/14
  3632 | D:3      | Reached skill level 1 in Hexes
  3677 | D:3      | Identified a scroll of acquirement
  4420 | D:4      | Found a basalt altar of Yredelemnul.
  4424 | D:4      | Found a blossoming altar of Fedhas.
  4428 | D:4      | Found a hazy altar of Hepliaklqana.
  4428 | D:4      | Found a stormy altar of Qazlal.
  4437 | D:4      | Learned a level 1 spell: Necrotise
  4440 | D:4      | Found an ornate altar of the Wu Jian Council.
  4774 | D:4      | Reached XP level 6. HP: 22/32 MP: 4/15
  4944 | D:4      | Found an opulent altar of Gozag.
  4946 | D:4      | Reached skill level 5 in Spellcasting
  5226 | D:4      | Found a broken altar of Ashenzari.
  5826 | D:5      | Entered Level 5 of the Dungeon
  5922 | D:5      | Reached XP level 7. HP: 35/36 MP: 7/17
  5923 | D:5      | Noticed Eustachio
  7458 | D:5      | Reached XP level 8. HP: 41/41 MP: 11/20
  7476 | D:5      | Reached skill level 5 in Hexes
  7525 | D:5      | Noticed Pikel
  7540 | D:5      | Killed Pikel
  7541 | D:5      | Reached skill level 1 in Shields
  7973 | D:5      | Killed Eustachio
  8297 | D:5      | Noticed Prince Ribbit
  8304 | D:5      | Killed by an exploding fulminant prism

Illustrated notes

Levels and vault maps discovered:
D:1:      spicycebolla_green_bress_n_ham, layout_basic, glass_columns_a
D:2:      layout_loops_corners
D:3:      kennysheep_six_static_rooms, layout_loops_ring, uniq_natasha,
          uniq_ijyb
D:4:      nicolae_cairo_tiling_large, layout_basic,
          nicolae_gozag_cash_rules_everything_around_me,
          cheibrodos_ashenzari_chains, nicolae_overflow_hallway_of_the_gods,
          serial_bayou, serial_bayou_lagoon_a, serial_bayou_shore_a,
          serial_bayou_shore_b, serial_bayou_crossing, serial_bayou_pond_b
D:5:      layout_gridville, nicolae_overflow_crystal_walls, serial_bayou,
          serial_bayou_pond_a, serial_bayou_pond_a, serial_bayou_pond_a,
          serial_bayou_pond_b, minmay_pentangle, uniq_prince_ribbit1,
          uniq_pikel, uniq_eustachio

Skill      XL: |  1  2  3  4  5  6  7  8 |
---------------+-------------------------+-----
Conjurations   | 5 6 7 8 |  8.5
Spellcasting   | 4 5 7 8 |  8.7
Stealth        | 3 4 |  4.4
Hexes          | 1 2 4 7 |  7.3
Dodging        | 3 |  3.6
Shields        | 1 |  1.3
Necromancy     | |  0.8

Action                   |  1- 3 |  4- 6 |  7- 9 || total
-------------------------+-------+-------+-------++-------
Melee: Short sword       |       |       |     3 ||     3
 Cast: Magic Dart        |    66 |    73 |    39 ||   178
       Searing Ray       |     7 |    32 |    25 ||    64
       Necrotise         |       |     4 |       ||     4
       Fulminant Prism   |       |     5 |    25 ||    30
  Use: Potion            |       |     1 |     1 ||     2
       Scroll            |       |     7 |     1 ||     8
Dodge: Dodged            |     5 |    18 |    14 ||    37
Block: Other             |     2 |     8 |    11 ||    21
       Reflection        |       |     1 |     1 ||     2
